 Dungeon Crawl Stone Soup version 0.29.0-4-gdea44cf6ec (webtiles) character file.

Game seed: 2669986218124952677

1058 qw the Cleaver (level 8, 0/70 HPs)
             Began as a Minotaur Berserker on Sept 10, 2022.
             Was a Priest of Trog.
             Succumbed to a gnoll's poison
             ... on level 5 of the Dungeon.
             The game lasted 00:01:42 (4994 turns).

qw the Cleaver (Minotaur Berserker)                 Turns: 4994, Time: 00:01:43

Health: 0/70       AC:  9    Str: 24    XL:     8   Next: 6%
Magic:  7/7        EV:  8    Int:  4    God:    Trog [***...]
Gold:   258        SH:  0    Dex: 10    Spells: 7/7 levels left

rFire   . . .      SeeInvis .   Y - +1 hand axe
rCold   . . .      Faith    .   (no shield)
rNeg    . . .      Spirit   .   i - +0 chain mail
rPois   +          Reflect  .   (helmet restricted)
rElec   .          Harm     .   (no cloak)
rCorr   .          Rampage  .   (no gloves)
Will    .....                   (no boots)
Stlth   ..........              (no amulet)
HPRegen 0.21/turn               a - ring of poison resistance
MPRegen 0.10/turn               (no ring)

@: lethally poisoned (0 -> 0), about to teleport, on berserk cooldown, slowed,
very slow
A: horns 2, retaliatory headbutt
a: Renounce Religion, Berserk, Trog's Hand


You were on level 5 of the Dungeon.
You worshipped Trog.
Trog was most pleased with you.
You visited 1 branch of the dungeon, and saw 5 of its levels.
You also visited: Ossuary.

You collected 258 gold pieces.


Innate Abilities, Weirdness & Mutations

You have a pair of horns on your head.
You reflexively headbutt those who attack you in melee.


   Skills:
 + Level 5.8 Fighting
 - Level 10.0 Axes
 - Level 3.1 Throwing
 - Level 3.0 Armour
 - Level 2.1 Dodging


You had 7 spell levels left.
You didn't know any spells.
Your spell library was empty.

Inventory:

Hand Weapons
 s - a +0 flail
 Y - a +1 hand axe (weapon)
Missiles
 b - 2 javelins (quivered)
 c - 2 boomerangs
Armour
 i - a +0 chain mail (worn)
Jewellery
 a - a ring of poison resistance (left hand)
Scrolls
 d - a scroll of identify
Potions
 e - 2 potions of curing
 f - 4 potions of heal wounds
 j - a potion of might
 p - a potion of lignification {unknown}
 r - a potion of mutation {unknown}

Dungeon Overview and Level Annotations

Branches:
Dungeon (5/15)            Ossuary (visited)
 Temple: D:4-7

Altars:
Sif Muna
Vehumet

Shops:
D:2 [


Message History

You feel sick.
You slash the gnoll sergeant!
You kill the gnoll sergeant!
Trog accepts your kill. The gnoll barely misses you.
You have reached level 8!
You feel stronger.
A gnoll comes into view. It is wielding a +0 whip.
You feel sick.
The gnoll shouts!
Items here: % ) [[.
You slash the gnoll!
You kill the gnoll!
Trog accepts your kill.
You feel sick.
You feel sick.
The howler monkey hoots and howls with incredible vigour!
You barely miss the gnoll.
You feel sick.
The howler monkey hoots and howls with incredible vigour!
You hear a bark!
You hit the gnoll. Your headbutt misses the gnoll.
The gnoll is heavily wounded.
The gnoll hits you but does no damage.
You slash the gnoll!
You kill the gnoll!
Trog accepts your kill.
You feel sick.
Items here: % ) [[.
You feel a strong urge to attack something.
You are no longer berserk.
You are exhausted.
You feel yourself slow down.
You feel sick.
The howler monkey hoots and howls with incredible vigour!
A bullfrog comes into view.
The bullfrog croaks.
Items here: % ))).
4994 ||| READING scroll of teleportation.
As you read the scroll of teleportation, it crumbles to dust.
You feel strangely unstable.
You die...

#### ..# ###.#
#.#.##########
#.....<.......
#.#h#.####....
#.....# .
###@###
#)######.#
#).).....#
#......###
####F#.# .# #
#


You could see a bullfrog and a howler monkey (catching breath).

Vanquished Creatures
  An ice beast (D:3)
  An ogre (D:4)
  A gnoll sergeant (D:5)
  A necrophage (D:3)
  A scorpion (D:4)
  A wight (Ossuary)
  A water moccasin zombie (Ossuary)
  A howler monkey (D:4)
  A bullfrog zombie (Ossuary)
  5 centaur zombies (Ossuary)
  2 hounds (D:4)
  A human zombie (Ossuary)
  An orc wizard (D:4)
  5 gnolls (D:5)
  6 adders
  A worm zombie (D:4)
  4 adder zombies (Ossuary)
  3 worms (D:3)
  2 dart slugs
  An orc (D:4)
  8 bats
  8 endoplasms
  3 giant cockroaches
  7 goblins
  3 hobgoblins
  6 jackals (D:4)
  9 kobolds
  8 quokkas
  6 ball pythons
  4 frilled lizards
  3 gnoll zombies (Ossuary)
  3 goblin zombies (Ossuary)
  2 hobgoblin zombies (Ossuary)
  2 orc zombies (Ossuary)
  7 rats
119 creatures vanquished.

Vanquished Creatures (others)
  An orc wizard (D:4)
  11 plants (D:3)
12 creatures vanquished.

Grand Total: 131 creatures vanquished

Notes
Turn   | Place    | Note
-------+----------+-------------------------------------------
     0 | D:1      | qw the Minotaur Berserker began the quest for the Orb.
     0 | D:1      | Reached XP level 1. HP: 19/19 MP: 0/0
     0 | D:1      | 0 ||| qw: Version: 0.1-a-116-g5d60599
     0 | D:1      | 0 ||| qw: Game counter: 7661
     0 | D:1      | 0 ||| qw: Always use a shield: true
     0 | D:1      | 0 ||| qw: Do Orc after D:15 true
     0 | D:1      | 0 ||| qw: Do second Lair branch before Depths: true
     0 | D:1      | 0 ||| qw: Lair rune preference: random
     0 | D:1      | 0 ||| qw: Plans: Normal
     0 | D:1      | 0 ||| PLANNING D:1-11
    85 | D:1      | Reached skill level 4 in Axes
   257 | D:1      | Reached XP level 2. HP: 26/26 MP: 1/1
   534 | D:1      | Found a faded altar of an unknown god.
   653 | D:1      | 653 ||| UPGRADING to +0 ring mail.
   663 | D:1      | 663 ||| DROPPING +0 animal skin.
   664 | D:1      | 664 ||| READING scroll labelled CIADWI XIRI.
   665 | D:1      | 665 ||| DRINKING 2 purple potions.
   680 | D:2      | 680 ||| STAIRDANCE
   689 | D:2      | 689 ||| STAIRDANCE
   859 | D:2      | Reached skill level 5 in Axes
   859 | D:2      | Reached XP level 3. HP: 31/31 MP: 2/2
   878 | D:2      | 878 ||| Stepping ~*~*~tactically~*~*~ (stealth).
   958 | D:2      | Reached ** piety under Trog
   959 | D:2      | 959 ||| DROPPING +0 club.
  1012 | D:2      | 1012 ||| Stepping ~*~*~tactically~*~*~ (stealth).
  1041 | D:2      | 1041 ||| Stepping ~*~*~tactically~*~*~ (stealth).
  1044 | D:2      | 1044 ||| Stepping ~*~*~tactically~*~*~ (stealth).
  1045 | D:2      | 1045 ||| Stepping ~*~*~tactically~*~*~ (stealth).
  1179 | D:2      | Found Qanargh's Antique Armour Boutique.
  1182 | D:2      | 1182 ||| SHOPLISTING bloodstained scale mail (216 gold,
                  | have 95).
  1182 | D:2      | 1182 ||| SHOPLISTING pair of gloves (108 gold, have 95).
  1182 | D:2      | 1182 ||| SHOPLISTING pair of slimy gloves (228 gold, have
                  | 95).
  1260 | D:2      | Noticed Jessica
  1261 | D:2      | 1261 ||| Stepping ~*~*~tactically~*~*~ (hiding).
  1262 | D:2      | 1262 ||| Stepping ~*~*~tactically~*~*~ (hiding).
  1381 | D:2      | 1381 ||| UPGRADING to +0 chain mail.
  1391 | D:2      | 1391 ||| DROPPING +0 ring mail.
  1392 | D:2      | 1392 ||| READING scroll labelled PIGGEK ASOIBB.
  1393 | D:2      | 1393 ||| READING scroll labelled SADAL DILEMUH.
  1394 | D:2      | 1394 ||| READING scroll labelled PUOG OBOANLI.
  1395 | D:2      | 1395 ||| READING scroll labelled NUORAOH IXZURE.
  1396 | D:2      | 1396 ||| DRINKING 2 amethyst potions.
  1397 | D:2      | 1397 ||| READING 2 scrolls of identify.
  1397 | D:2      | 1397 ||| IDENTIFYING lumpy yellow potion
  1398 | D:2      | 1398 ||| Stepping randomly (stuck).
  1399 | D:2      | 1399 ||| Stepping ~*~*~tactically~*~*~ (cloud).
  1409 | D:2      | HP: 7/31 [poisoned by you (poison gas)]
  1664 | D:3      | 1664 ||| PLANNING SEWER
  1691 | D:3      | 1691 ||| INVOKING Berserk.
  1863 | D:3      | Noticed an ice beast
  1866 | D:3      | 1866 ||| INVOKING Berserk.
  1868 | D:3      | Reached XP level 4. HP: 39/39 MP: 3/3
  1872 | D:3      | Killed an ice beast
  1873 | D:3      | Reached skill level 3 in Throwing
  1873 | D:3      | Reached XP level 5. HP: 45/45 MP: 4/4
  2262 | D:3      | 2262 ||| RIP SEWER
  2335 | D:3      | 2335 ||| PLANNING D:1-11
  2343 | D:3      | Reached skill level 6 in Axes
  2537 | D:3      | 2537 ||| Stepping ~*~*~tactically~*~*~ (stealth).
  2574 | D:3      | 2574 ||| Stepping ~*~*~tactically~*~*~ (stealth).
  2577 | D:3      | 2577 ||| Stepping ~*~*~tactically~*~*~ (stealth).
  2595 | D:3      | 2595 ||| Stepping ~*~*~tactically~*~*~ (stealth).
  2756 | D:3      | 2756 ||| INVOKING Berserk.
  2759 | D:3      | Reached skill level 7 in Axes
  2931 | D:3      | Reached XP level 6. HP: 52/52 MP: 5/5
  3215 | D:3      | 3215 ||| READING scroll labelled YVUAZU LO MYECVO.
  3216 | D:3      | 3216 ||| READING scroll labelled WERAUS ZOFOA.
  3217 | D:3      | 3217 ||| READING 2 scrolls of identify.
  3217 | D:3      | 3217 ||| IDENTIFYING yellow potion
  3218 | D:3      | 3218 ||| DROPPING potion of degeneration.
  3269 | D:4      | 3269 ||| PLANNING OSSUARY
  3304 | D:4      | 3304 ||| INVOKING Berserk.
  3340 | D:4      | 3340 ||| Stepping ~*~*~tactically~*~*~ (stealth).
  3347 | D:4      | 3347 ||| FLEEEEING.
  3349 | D:4      | 3349 ||| FLEEEEING.
  3350 | D:4      | 3350 ||| FLEEEEING.
  3351 | D:4      | 3351 ||| FLEEEEING.
  3379 | D:4      | 3379 ||| Stepping ~*~*~tactically~*~*~ (stealth).
  3380 | D:4      | 3380 ||| Stepping ~*~*~tactically~*~*~ (stealth).
  3388 | D:4      | 3388 ||| UPGRADING to ring of poison resistance.
  3389 | D:4      | 3389 ||| Stepping randomly (stuck).
  3432 | D:4      | 3432 ||| Stepping ~*~*~tactically~*~*~ (hiding).
  3435 | D:4      | 3435 ||| INVOKING Berserk.
  3446 | D:4      | 3446 ||| DRINKING 2 potions of curing.
  3446 | D:4      | 3446 ||| (to cure confusion)
  3453 | D:4      | 3453 ||| DRINKING potion of curing.
  3453 | D:4      | 3453 ||| (to cure confusion)
  3462 | D:4      | Reached skill level 8 in Axes
  3479 | D:4      | 3479 ||| Stepping ~*~*~tactically~*~*~ (stealth).
  3481 | D:4      | 3481 ||| Stepping ~*~*~tactically~*~*~ (stealth).
  3647 | D:4      | Found a radiant altar of Vehumet.
  3724 | D:4      | Found a sand-covered staircase.
  3749 | Ossuary  | Entered an ossuary
  3793 | Ossuary  | Reached *** piety under Trog
  3823 | Ossuary  | Reached XP level 7. HP: 57/59 MP: 6/6
  3951 | Ossuary  | Reached skill level 9 in Axes
  4016 | Ossuary  | Reached skill level 3 in Armour
  4050 | Ossuary  | Noticed a silent spectre
  4154 | Ossuary  | 4154 ||| DRINKING 4 clear potions.
  4155 | Ossuary  | 4155 ||| DROPPING 3 potions of magic.
  4160 | D:4      | 4160 ||| PLANNING D:1-11
  4178 | D:4      | Found a shimmering blue altar of Sif Muna.
  4378 | D:4      | 4378 ||| DROPPING +0 mace.
  4702 | D:4      | 4702 ||| READING scroll labelled DOAHOVO TOST.
  4843 | D:4      | 4843 ||| READING scroll labelled GEEZ WIOHIUFF.
  4944 | D:4      | 4944 ||| READING scroll labelled BEECONWO IROC.
  4945 | D:4      | 4945 ||| READING scroll labelled VYITHR HIECU.
  4946 | D:4      | 4946 ||| READING 2 scrolls labelled ISKIGA WAXZUVVO.
  4949 | D:4      | 4949 ||| READING scroll labelled FETTYGH TAGRAT.
  4950 | D:4      | 4950 ||| READING 2 scrolls of identify.
  4950 | D:4      | 4950 ||| IDENTIFYING black potion
  4951 | D:4      | 4951 ||| DROPPING potion of flight.
  4965 | D:5      | Entered Level 5 of the Dungeon
  4974 | D:5      | Reached skill level 10 in Axes
  4974 | D:5      | 4974 ||| Stepping ~*~*~tactically~*~*~ (hiding).
  4980 | D:5      | 4980 ||| INVOKING Berserk.
  4981 | D:5      | HP: 20/91 [gnoll/+2 flail of venom[a gnoll sergeant] (3)]
  4983 | D:5      | HP: 7/91 [gnoll/+0 spear[a gnoll sergeant] (4)]
  4986 | D:5      | Reached XP level 8. HP: 7/70 MP: 7/7
  4988 | D:5      | HP: 5/105 [poisoned by a gnoll]
  4993 | D:5      | HP: 1/70 [poisoned by a gnoll]
  4994 | D:5      | 4994 ||| READING scroll of teleportation.
  4994 | D:5      | Succumbed to a gnoll's poison

Levels and vault maps discovered:
D:1:      dpeg_arrival_tiny_d, layout_loops_ring, shapermc_ecumenical_altar_venn
D:2:      layout_rooms, serial_shops, nicolae_shop_behind_doors, uniq_jessica
D:3:      layout_loops_corners, gup_sewer_entry_spiral, lexackson_kobold_supper
D:4:      layout_loops_ring, led_sif_pool, lemuel_doored_altar, enter_ossuary_3,
          minmay_door_square, reono_crystal_passage,
          chequers_serial_rivers_small_3
D:5:      layout_basic, gammafunk_ghost_cemetery, serial_shops, shop,
          minmay_misc_feat_tiny, amcnicky_mini_corridor_feature,
          minmay_quadrilaterals

Skill      XL: |  1  2  3  4  5  6  7 |
---------------+----------------------+-----
Axes           | 4 5 7 8 10 | 10.0
Throwing       | 3 |  3.1
Fighting       | 4 5 |  5.8
Armour         | 3 |  3.0
Dodging        | |  2.1

Action                   |  1- 3 |  4- 6 |  7- 9 || total
-------------------------+-------+-------+-------++-------
Melee: Hand axe          |    76 |   132 |    72 ||   280
       Headbutt          |     9 |    15 |    17 ||    41
       Punch             |     1 |     2 |     1 ||     4
Throw: Javelin           |     2 |    29 |    20 ||    51
       Boomerang         |       |     5 |    12 ||    17
Invok: Berserk           |     2 |     3 |     1 ||     6
  Use: Scroll            |     6 |     3 |     8 ||    17
       Potion            |     2 |     2 |     1 ||     5
Armor: Animal skin       |     1 |       |       ||     1
       Ring mail         |    19 |       |       ||    19
       Chain mail        |       |    79 |    36 ||   115
Dodge: Dodged            |    47 |    37 |    39 ||   123

Table legend:
 A = Non-vault XP
 B = Vault XP
 C = Vault XP percentage of total XP
 D = Non-vault monster count
 E = Vault monster count
 F = Vault count percentage of total count
                 A         B        C        D         E       F
            +---------+---------+-------+---------+---------+-------
      Total |     938 |     574 |  38.0 |      80 |      40 |  33.3
            +---------+---------+-------+---------+---------+-------
        D:1 |      25 |       0 |   0.0 |      15 |       0 |   0.0
        D:2 |      54 |       0 |   0.0 |      17 |       0 |   0.0
        D:3 |     259 |      50 |  16.2 |      17 |      16 |  48.5
        D:4 |     441 |       7 |   1.6 |      25 |       1 |   3.8
        D:5 |     159 |       0 |   0.0 |       6 |       0 |   0.0
    Ossuary |       0 |     517 | 100.0 |       0 |      23 | 100.0
            +---------+---------+-------+---------+---------+-------
